 Dungeon Crawl Stone Soup version 0.29.0-7-g18a832c13a (webtiles) character file.

Game seed: 8286532275591875266

5450 Tirrikindir the Spear-Bearer (level 10, -2/68 HPs)
             Began as an Octopode Fighter on Aug 30, 2022.
             Was an Initiate of Gozag.
             Killed from afar by an electric eel (14 damage)
             ... with a bolt of electricity
             ... on level 8 of the Dungeon.
             The game lasted 00:18:37 (8082 turns).

Tirrikindir the Spear-Bearer (Octopode Fighter)     Turns: 8082, Time: 00:18:39

Health: -2/68      AC:  2    Str: 21    XL:     10   Next: 68%
Magic:  10/10      EV: 17    Int: 10    God:    Gozag
Gold:   315        SH:  6    Dex: 22    Spells: 9/9 levels left

rFire   . . .      SeeInvis .   e - +11 spear "Qyopt" {vorpal, Dex+5}
rCold   . . .      Faith    .   b - +0 buckler
rNeg    + . .      Spirit   .   n - +1 hat
rPois   .          Reflect  .   s - amulet of magic regeneration
rElec   .          Harm     .   g - ring of positive energy
rCorr   .          Rampage  .   z - +6 ring of strength
Will    .....                   (no ring)
Stlth   +++++.....              (no ring)
HPRegen 0.21/turn               (no ring)
MPRegen 0.52/turn               (no ring)
                                (no ring)
                                (no ring)

@: about to teleport, gold aura
A: almost no armour, amphibious, 8 rings, camouflage 1, gelatinous body 1,
(nimble swimmer 1), tentacles, antennae 1
a: Renounce Religion, Potion Petition, Call Merchant, Bribe Branch


You were on level 8 of the Dungeon.
You worshipped Gozag.
Gozag was aware of your devotion.
You visited 2 branches of the dungeon, and saw 9 of its levels.
You also visited: Sewer.

You collected 1351 gold pieces.
You spent 325 gold pieces at shops.
You paid 711 gold pieces to Gozag.

Inventory:

Hand Weapons
 a - a +0 long sword of freezing
 e - the +11 spear "Qyopt" (weapon) {vorpal, Dex+5}
   (You found it on level 3 of the Dungeon)

   It inflicts extra damage upon your enemies.
   Dex:       It affects your dexterity (+5).
Missiles
 l - 10 poisoned darts (quivered)
Armour
 b - a +0 buckler (worn)
 n - a +1 hat (worn)
Jewellery
 g - a ring of positive energy (left tentacle)
 s - an amulet of magic regeneration (around mantle)
 z - a +6 ring of strength (right tentacle)
Wands
 m - a wand of flame (20)
Scrolls
 f - a scroll of silence
 h - a scroll of amnesia
 t - 2 scrolls of teleportation
 v - a scroll of enchant weapon {unknown}
 w - 2 scrolls of magic mapping
 y - a scroll of brand weapon
Potions
 c - 4 potions of flight
 d - 7 potions of curing
 i - a potion of cancellation
 j - a potion of mutation
 k - a potion of brilliance
 o - 2 potions of resistance
 p - 2 potions of lignification {unknown}
 q - a potion of berserk rage
 r - a potion of attraction {unknown}
 x - a potion of magic {unknown}


   Skills:
 * Level 5.9 Fighting
 - Level 3.5 Long Blades
 * Level 10.8 Polearms
 + Level 2.7 Throwing
 * Level 5.9 Dodging
 + Level 7.4 Stealth
 * Level 5.9 Shields


You had 9 spell levels left.
You didn't know any spells.
Your spell library contained the following spells:

 Spells                   Type           Power      Damage    Failure   Level
 Apportation              Tloc           0%         N/A       43%         1
 Necrotise                Necr           0%         1d4       43%         1
 Call Imp                 Summ           0%         N/A       58%         2
 Ensorcelled Hibernation  Hex/Ice        0%         N/A       58%         2
 Passwall                 Tmut/Erth      0%         N/A       58%         2
 Sublimation of Blood     Necr           0%         N/A       58%         2
 Swiftness                Air            0%         N/A       82%         3
 Vampiric Draining        Necr           0%         2d6       82%         3
 Petrify                  Tmut/Erth      0%         N/A       99%         4
 Agony                    Necr           0%         N/A       100%        5
 Alistair's Intoxication  Tmut/Pois      0%         N/A       100%        5
 Irradiate                Conj/Tmut      0%         3d11      100%        5
 Spellforged Servitor     Conj/Summ      0%         N/A       100%        7


Dungeon Overview and Level Annotations

Branches:
Dungeon (8/15)             Temple (1/1) D:4            Lair (0/5) D:8
  Sewer (visited)

Altars:
Ashenzari
Cheibriados
Dithmenos
Elyvilon
Fedhas
Gozag
Kikubaaqudgha
Makhleb
Nemelex Xobeh
Okawaru
Qazlal
Ru
Sif Muna
Trog
Uskayaw
Vehumet
Wu Jian
Xom
Yredelemnul
Zin

Shops:
D:6 =   D:7 !   D:8 !

Annotations:
D:5 2 runed translucent doors


Innate Abilities, Weirdness & Mutations

You cannot wear most types of armour.
You are amphibious.
You can wear up to eight rings at the same time.
Your skin changes colour to match your surroundings (Stealth+).
Your rubbery body absorbs attacks. (AC +1, EV +1)
((You are camouflaged when in or above water. (Stealth+)))
You have tentacles for arms and can constrict up to eight enemies at once.
You have a pair of small antennae on your head.


Message History

The electric eel is almost dead.
You miss the electric eel. Your grab misses the electric eel.
Your squeeze misses the electric eel.
The electric eel is almost dead.
The electric eel shoots out a bolt of lightning at you!
The bolt of electricity misses you.
You miss the electric eel. Your grab misses the electric eel.
You squeeze the electric eel.
You kill the electric eel!
You hear a splash.
The wolf is distracted by your dazzling golden aura.
The electric eel shoots out a bolt of lightning at you!
The bolt of electricity hits you!
The electric eel shoots out a bolt of lightning at you!
The bolt of electricity hits you!
The wolf howls!
The electric eel shoots out a bolt of lightning at you!
The bolt of electricity hits you!
The electric eel shoots out a bolt of lightning at you!
The bolt of electricity hits you.
* * * LOW HITPOINT WARNING * * *
You hit the electric eel. Your grab misses the electric eel.
You squeeze the electric eel.
The electric eel is heavily wounded.
The electric eel shoots out a bolt of lightning at you!
The bolt of electricity hits you.
* * * LOW HITPOINT WARNING * * *
Okay, then.
Okay, then.
As you read the scroll of teleportation, it crumbles to dust.
You feel strangely unstable.
The wolf is no longer distracted by gold.
You barely miss the electric eel. You grab the electric eel.
The electric eel is heavily wounded.
You constrict the electric eel.
The electric eel is distracted by your dazzling golden aura.
The electric eel shoots out a bolt of lightning at you!
The bolt of electricity hits you!
You die...
Your body crumbles into a pile of gold.

.# .# .. #...########
.#....# ..##...#.......
.#....# ......'.......
.#....######....#.......
.#....##................
.#.[....................
.# ..........~...~~..~~.
.####'##....~~.~@~~~.~..
.......##.~.~≈.~.S≈~.≈~.
...........~$≈≈~.~≈~~...
...........≈~≈≈~.≈≈≈....
............≈≈≈~.~~~~~..
............≈~~...h≈≈≈..
#######....~~≈.~.S~~≈≈~.
#....~~~.~..~≈≈~≈~
#)..~~~.....≈≈≈≈


You could see a wolf and 2 electric eels.

Vanquished Creatures
  Gastronok (D:8)
  Erica (D:8)
  Sigmund (D:6)
  A wyvern (D:7)
  3 water moccasins
  2 orc warriors (D:7)
  An ice beast (D:5)
  A black bear (D:6)
  2 ogres
  2 wolves (D:8)
  2 centaurs (D:7)
  2 phantoms
  2 kobold brigands
  A bullfrog (D:6)
  2 necrophages
  4 scorpions
  8 wights
  3 howler monkeys
  2 electric eels (D:8)
  7 hounds
  3 jellies
  3 orc priests
  A gnoll bouda (D:5)
  4 iguanas
  Ijyb (D:4)
  8 orc wizards
  Natasha (twice) (D:2)
  5 adders
  A river rat (Sewer)
  2 white imps
  2 ufetubi
  2 dart slugs
  17 orcs
  6 ball pythons
  9 endoplasms
  6 giant cockroaches
  6 goblins
  4 hobgoblins
  10 jackals
  15 kobolds
  7 quokkas
  6 bats
  2 frilled lizards (D:2)
  8 rats
178 creatures vanquished.

Notes
Turn   | Place    | Note
-------+----------+-------------------------------------------
     0 | D:1      | Tirrikindir the Octopode Fighter began the quest for the
                  | Orb.
     0 | D:1      | Reached XP level 1. HP: 16/16 MP: 1/1
   216 | D:1      | Reached XP level 2. HP: 10/21 MP: 2/2
   738 | D:1      | Reached skill level 1 in Stealth
  1296 | D:2      | Reached XP level 3. HP: 23/26 MP: 3/3
  1429 | D:2      | Noticed Natasha
  1435 | D:2      | Killed Natasha
  1436 | D:2      | Reached XP level 4. HP: 31/31 MP: 4/4
  1459 | D:2      | Noticed Natasha
  1462 | D:2      | Killed Natasha
  1804 | D:2      | Found an ancient bone altar of Kikubaaqudgha.
  2025 | D:3      | Found a glowing drain.
  2044 | Sewer    | Entered a sewer
  2065 | Sewer    | Reached XP level 5. HP: 15/36 MP: 5/5
  2268 | Sewer    | Noticed a kobold brigand
  2278 | Sewer    | Killed a kobold brigand
  2453 | Sewer    | Found a white marble altar of Elyvilon.
  2539 | D:3      | Identified the +11 spear "Qyopt" {vorpal, Dex+5}
  2798 | D:3      | Found a sparkling altar of Nemelex Xobeh.
  2798 | D:3      | Found an opulent altar of Gozag.
  2804 | D:3      | Became a worshipper of Gozag Ym Sagoz the Greedy
  3126 | D:4      | Reached XP level 6. HP: 43/43 MP: 6/6
  3147 | D:4      | Noticed Ijyb
  3153 | D:4      | Killed Ijyb
  3154 | D:4      | Reached skill level 1 in Polearms
  3294 | D:4      | Identified the +11 hand axe of Corporal Punishment {spect,
                  | rCorr Str+5 Int+6}
  3327 | D:4      | Reached skill level 2 in Polearms
  3371 | D:4      | Reached XP level 7. HP: 48/48 MP: 7/7
  3444 | D:4      | Reached skill level 3 in Polearms
  3444 | D:4      | Reached skill level 5 in Stealth
  3714 | D:4      | Found a sacrificial altar of Ru.
  3923 | D:4      | Found a staircase to the Ecumenical Temple.
  3939 | Temple   | Entered the Ecumenical Temple
  4400 | D:5      | Entered Level 5 of the Dungeon
  4478 | D:5      | Got Mnoleg's Parchment of Attendants
  4609 | D:5      | Reached skill level 4 in Polearms
  4614 | D:5      | Reached XP level 8. HP: 18/54 MP: 8/8
  4616 | D:5      | Reached skill level 5 in Polearms
  5015 | D:5      | Reached skill level 6 in Polearms
  5021 | D:5      | You fall into a shaft and drop 1 floor!
  5034 | D:6      | Noticed Sigmund
  5039 | D:6      | Killed Sigmund
  5040 | D:6      | Reached skill level 7 in Polearms
  5153 | D:5      | Found a large runed translucent door.
  5157 | D:5      | Found a large runed translucent door.
  5314 | D:6      | Reached skill level 8 in Polearms
  5320 | D:6      | Reached XP level 9. HP: 37/58 MP: 9/9
  5378 | D:6      | Reached skill level 9 in Polearms
  5716 | D:7      | Reached skill level 10 in Polearms
  6283 | D:7      | Reached skill level 1 in Throwing
  6879 | D:7      | Found a burning altar of Makhleb.
  6881 | D:7      | Found an ancient bone altar of Kikubaaqudgha.
  6882 | D:7      | Found a basalt altar of Yredelemnul.
  6882 | D:7      | Found a blossoming altar of Fedhas.
  6882 | D:7      | Found a shimmering altar of Xom.
  6882 | D:7      | Found a stormy altar of Qazlal.
  7123 | D:7      | Found Ciav Iph's Distillery.
  7131 | D:7      | Bought a potion of berserk rage for 65 gold pieces
  7131 | D:7      | Bought 2 potions of resistance for 260 gold pieces
  7414 | D:8      | Noticed Erica
  7424 | D:8      | Killed Erica
  7425 | D:8      | Reached skill level 5 in Fighting
  7425 | D:8      | Reached skill level 5 in Dodging
  7425 | D:8      | Reached skill level 5 in Shields
  7425 | D:8      | Reached XP level 10. HP: 56/66 MP: 10/10
  7483 | D:8      | Noticed Gastronok
  7504 | D:8      | Killed Gastronok
  7575 | D:8      | Found a staircase to the Lair.
  7616 | D:8      | Found Zulaprij's Distillery.
  7898 | D:8      | Gained mutation: You have a pair of small antennae on your
                  | head. [potion of mutation]
  8082 | D:8      | Killed from afar by an electric eel

Illustrated notes

Levels and vault maps discovered:
D:1:      dpeg_arrival_chambers_temple_mockup, layout_basic,
          minmay_misc_feat_encased
D:2:      layout_loops_ring, basic_altar,
          nicolae_concentric_dashed_squares_wild, minmay_pentomino_z4,
          uniq_natasha
D:3:      layout_rooms, grunt_temple_overflow_opulence, gup_sewer_entry_pipe,
          lemuel_another_geyser
D:4:      layout_loops_ring, nicolae_ru_sacrificial_ziggurat,
          minmay_temple_entry_offerings, patterned_corridor, uniq_ijyb
D:5:      layout_cave_pools, jmf_multi_god_temple2, minmay_starry_boxes
D:6:      layout_rooms, hex_large, uniq_sigmund, uniq_edmund
D:7:      layout_layer_cave, grunt_temple_overflow_open, serial_shops, shop
D:8:      layout_gridville, erik_lair_island, serial_shops, shop,
          uniq_gastronok, uniq_erica, uniq_maggie
Temple:   nicolae_temple_bog_church

Skill      XL: |  1  2  3  4  5  6  7  8  9 10 |
---------------+-------------------------------+-----
Stealth        | 1 2 3 4 6 7 |  7.4
Long Blades    | 3 |  3.5
Polearms       | 2 4 8 10 | 10.8
Fighting       | 4 5 |  5.9
Shields        | 4 5 |  5.9
Dodging        | 4 5 |  5.9
Throwing       | 2 |  2.7

Action                   |  1- 3 |  4- 6 |  7- 9 | 10-12 || total
-------------------------+-------+-------+-------+-------++-------
Melee: Long sword        |    44 |    50 |       |       ||    94
       Constrict         |     8 |    13 |    34 |    10 ||    65
       Tentacles         |     8 |    10 |    31 |    16 ||    65
       Spear             |       |    29 |   195 |    56 ||   280
       Punch             |       |       |     3 |       ||     3
Throw: Dart              |     1 |     3 |     3 |     3 ||    10
Invok: Call Merchant     |       |       |     1 |       ||     1
  Use: Scroll            |     5 |     1 |     8 |     2 ||    16
       Potion            |     2 |     1 |     1 |     7 ||    11
 Stab: Sleeping          |     3 |    18 |    17 |     1 ||    39
       Distracted        |       |       |     2 |       ||     2
Armor: Skin              |     3 |     5 |     4 |     1 ||    13
Dodge: Dodged            |    35 |    30 |    47 |    20 ||   132
Block: Buckler           |    14 |     8 |    30 |     7 ||    59
